 Dungeon Crawl Stone Soup version 0.23.2-1-ga50397a (webtiles) character file.

Game seed: 7856790571936850190

63 myga the Sneak (level 3, 0/15 HPs)
             Began as a Felid Air Elementalist on Apr 19, 2019.
             Slain by an adder (4 damage)
             ... on level 3 of the Dungeon on Apr 20, 2019.
             The game lasted 00:12:03 (2276 turns).

myga the Sneak (Felid Air Elementalist)             Turns: 2276, Time: 00:12:04

Health: 0/15       AC:  1    Str:  5    XL:     3   Next: 89%
Magic:  1/7        EV: 18    Int: 16    God:
Gold:   98         SH:  0    Dex: 16    Spells: 1/7 levels left
                                        Lives:  0   Deaths: 1

rFire    . . .     SeeInvis +     - Unarmed
rCold    . . .     Gourm    .   (shield unavailable)
rNeg     . . .     Faith    .   (armour unavailable)
rPois    .         Spirit   .   (helmet unavailable)
rElec    .         Reflect  .   (cloak unavailable)
rCorr    .         Harm     .   (gloves unavailable)
MR       .....                  (boots unavailable)
Stlth    +++.......             (no amulet)
HPRegen  0.05/turn              (no ring)
MPRegen  0.10/turn              (no ring)

@: lethally poisoned (0 -> -1), very slightly contaminated, quick
A: very small, no armour, no weapons or thrown items, stealth, claws 1, fangs 3,
see invisible, carnivore, speed 1, shaggy fur 1, slow metabolism 1, sharp paws
a: no special abilities


You were on level 3 of the Dungeon.
You were completely stuffed.

You visited 1 branch of the dungeon, and saw 3 of its levels.

You collected 98 gold pieces.

Inventory:

Scrolls
 a - a scroll of identify
 e - a scroll of blinking
 f - 2 scrolls of teleportation
Potions
 c - 2 potions of agility
 g - a potion of flight {unknown}
Comestibles
 b - 4 rations
 d - 5 chunks of flesh


   Skills:
 + Level 0.4 Fighting
 + Level 2.9 Dodging
 + Level 4.2 Stealth
 + Level 1.3 Unarmed Combat
 + Level 2.6 Spellcasting
 + Level 1.3 Conjurations
 + Level 3.3 Air Magic


You had one spell level left.
You knew the following spells:

 Your Spells              Type           Power        Failure   Level  Hunger
a - Shock                 Conj/Air       #...         8%          1    #......
b - Swiftness             Chrm/Air       #.......     14%         2    ##.....
c - Static Discharge      Conj/Air       #.......     22%         3    ###....

Your spell library contained the following spells:

 Spells                   Type           Power        Failure   Level  Hunger
 Airstrike                Air            ##........   43%         4    #####..
 Lightning Bolt           Conj/Air       #.........   91%         5    ######.


Dungeon Overview and Level Annotations

Branches:
Dungeon (3/15)

Altars:
Makhleb
Okawaru
Vehumet
Yredelemnul


Innate Abilities, Weirdness & Mutations

You cannot wear armour.
You are incapable of wielding weapons or throwing items.
Your paws allow you to move quietly. (Stealth)
You have sharp claws.
You have razor-sharp teeth.
You have supernaturally acute eyesight. (SInv)
You are carnivorous and can eat meat at any time.
You cover ground quickly.
You are covered in fur. (AC +1)
You have a slow metabolism.
Your sharp claws are effective at attacking unaware monsters.


Message History

The zap misses the adder.
The zap hits the adder.
The adder is moderately wounded.
The zap misses the adder.
The adder bites you.
You are poisoned.
The adder poisons you!
Unknown command.
You feel sick.
You feel sick.
You feel sluggish.
You feel sick. The adder barely misses you. The adder barely misses you.
You start to feel a little faster.
You feel sick. The adder barely misses you. The adder closely misses you.
You feel sick.
You no longer feel sluggish.
The adder bites you.
You die...

#.....#
#.......###########.##.
#.....#
####.##..oS..o......?..
#.....#
#........##########$..#
#.....# ###..#o#.# ##.#
#...<.# ##.##S#.# #
#.....# #..##.#.##
#..>..# #.###o#..#
#.....#####.# #S##.####
###÷#.......###@##....#
#÷######.[##..##....#
#.# ##.#<.###....# #.#
#...## #....# #.#
##...# #....# #.#
#....#####.### #.#
###.#..##....#
#.####...#..##.####
#...##.###.....#


You could see 2 adders and 2 orcs.

Vanquished Creatures
  3 adders
  2 oozes (D:3)
  An adder skeleton (D:2)
  A dart slug (D:1)
  2 leopard geckos (D:2)
  2 orcs (D:3)
  7 bats
  2 giant cockroaches
  12 goblins
  4 hobgoblins
  6 jackals
  3 kobolds
  A quokka (D:2)
  2 ball pythons
  2 frilled lizards
  8 rats
  A plant (D:2)
59 creatures vanquished.

Notes
Turn   | Place    | Note
-------+----------+-------------------------------------------
     0 | D:1      | myga the Felid Air Elementalist began the quest for the
                  | Orb.
     0 | D:1      | Reached XP level 1. HP: 7/7 MP: 4/4
    44 | D:1      | Reached skill level 1 in Conjurations
    67 | D:1      | Reached XP level 2. HP: 4/11 MP: 0/6
   274 | D:1      | Learned a level 2 spell: Swiftness
   300 | D:1      | Reached skill level 3 in Stealth
   686 | D:1      | Reached XP level 3. HP: 12/14 MP: 5/7
   904 | D:1      | Learned a level 3 spell: Static Discharge
   934 | D:2      | Found an iron altar of Okawaru.
   966 | D:2      | Found a radiant altar of Vehumet.
  1101 | D:2      | Found a burning altar of Makhleb.
  1343 | D:2      | Found a basalt altar of Yredelemnul.
  1431 | D:2      | Reached skill level 4 in Stealth
  1736 | D:2      | Reached skill level 1 in Unarmed Combat
  1960 | D:3      | Reached XP level 4. HP: 18/18 MP: 2/8
  2107 | D:3      | Slain by an adder
  2108 | D:3      | Reached XP level 3. HP: 0/14 MP: 4/7
  2276 | D:3      | Slain by an adder

Skill      XL: |  1  2  3 |
---------------+----------+-----
Conjurations   | 1 |  1.3
Air Magic      | 3 |  3.3
Stealth        | 3 4 |  4.2
Unarmed Combat | 1 |  1.3
Fighting       | |  0.4
Dodging        | |  2.9
Spellcasting   | |  2.6

Action                   |  1- 3 |  4- 6 || total
-------------------------+-------+-------++-------
Melee: Unarmed           |   144 |     6 ||   150
       Bite              |    14 |       ||    14
       Punch             |     1 |     1 ||     2
 Cast: Shock             |    69 |     6 ||    75
       Swiftness         |     1 |       ||     1
  Use: Scroll            |     4 |       ||     4
 Stab: Sleeping          |    11 |     2 ||    13
  Eat: Chunk             |    16 |       ||    16
Armor: Skin              |     4 |     1 ||     5
Dodge: Dodged            |    83 |     8 ||    91
